 Dungeon Crawl Stone Soup version 0.29.1-1-gd02db6906a (webtiles) character file.

Game seed: 7005596012952893684

2190 LustLizard the Covert (level 9, -2/45 HPs)
             Began as a Spriggan Arcane Marksman on Sept 21, 2022.
             Was an Initiate of Dithmenos.
             Slain by a killer bee (9 damage)
             ... on level 7 of the Dungeon.
             The game lasted 00:20:00 (10076 turns).

LustLizard the Covert (Spriggan Arcane Marksman)   Turns: 10076, Time: 00:20:01

Health: -2/45      AC:  3    Str:  8    XL:     9   Next: 12%
Magic:  12/12      EV: 17    Int: 13    God:    Dithmenos [......]
Gold:   262        SH:  0    Dex: 19    Spells: 6/10 levels left

rFire   . . .      SeeInvis +   m - +2 sling (flame)
rCold   + . .      Faith    .   (no shield)
rNeg    . . .      Spirit   .   c - +0 robe
rPois   .          Reflect  .   D - +1 hat
rElec   .          Harm     .   (no cloak)
rCorr   +          Rampage  .   (gloves unavailable)
Will    ++++.                   (boots unavailable)
Stlth   ++........              p - amulet of the acrobat
HPRegen 0.15/turn               q - ring of protection from cold
MPRegen 0.13/turn               h - ring "Nierch" {Will+++ rCorr Str+2 Int-2}

@: confused, lethally poisoned (-2 -> -11), ambrosia-drunk, very quick
A: very small, no large weapons, unfitting armour, see invisible, speed 3
a: Renounce Religion


You were on level 7 of the Dungeon.
You worshipped Dithmenos.
Dithmenos was noncommittal.
You visited 2 branches of the dungeon, and saw 8 of its levels.
You also visited: Sewer.

You collected 288 gold pieces.
You spent 26 gold pieces at shops.

Inventory:

Hand Weapons
 a - a +1 sling
 k - a +3 dagger
 m - a +2 sling of flaming (weapon)
Missiles
 n - 6 curare-tipped darts
Armour
 c - a +0 robe (worn)
 D - a +1 hat (worn)
Jewellery
 h - the ring "Nierch" (right hand) {Will+++ rCorr Str+2 Int-2}
   (You found it on level 6 of the Dungeon)

   [ring of resist corrosion]

   Str:       It affects your strength (+2).
   Int:       It affects your intelligence (-2).
   rCorr:     It protects you from acid and corrosion.
   Will:      It greatly increases your willpower.
 p - an amulet of the acrobat (around neck)
 q - a ring of protection from cold (left hand)
 H - a ring of fire
Wands
 z - a wand of flame (14)
 A - a wand of light (11)
Scrolls
 b - 4 scrolls of poison
 d - 2 scrolls of torment {unknown}
 e - a scroll of noise {unknown}
 f - 3 scrolls of immolation {unknown}
 g - a scroll of vulnerability {unknown}
 i - a scroll of blinking {unknown}
 o - a scroll of acquirement {unknown}
 u - a scroll of fog {unknown}
 w - 4 scrolls of teleportation
 y - a scroll of enchant armour {unknown}
 B - a scroll of amnesia {unknown}
 F - a scroll of magic mapping {unknown}
Potions
 j - 2 potions of brilliance
 l - a potion of ambrosia
 r - a potion of attraction
 s - 3 potions of degeneration
 t - a potion of cancellation
 x - 2 potions of haste
 C - a potion of berserk rage {unknown}
 E - a potion of might {unknown}


   Skills:
 + Level 4.3 Fighting
 * Level 7.5 Ranged Weapons
 - Level 2.6 Dodging
 * Level 11.3 Stealth
 - Level 1.3 Spellcasting
 - Level 4.0 Hexes
 - Level 4.0 Translocations


You had 6 spell levels left.
You knew the following spells:

 Your Spells              Type           Power      Damage    Failure   Level
a - Slow                  Hex            44%        N/A       5%          1
b - Portal Projectile     Hex/Tloc       22%        N/A       16%         3

Your spell library contained the following spells:

 Spells                   Type           Power      Damage    Failure   Level
 Confusing Touch          Hex            11%        N/A       16%         3
 Magic Dart               Conj           0%         1d3       26%         1
 Necrotise                Necr           0%         1d4       26%         1
 Sting                    Tmut/Pois      0%         1d3       26%         1
 Inner Flame              Hex/Fire       6%         N/A       34%         3
 Call Imp                 Summ           0%         N/A       38%         2
 Poisonous Vapours        Pois/Air       0%         N/A       38%         2
 Cause Fear               Hex            5%         N/A       45%         4
 Mephitic Cloud           Conj/Pois/Air  0%         N/A       63%         3
 Stone Arrow              Conj/Erth      0%         3d7       63%         3
 Vampiric Draining        Necr           0%         2d6       63%         3
 Animate Armour           Summ/Erth      0%         N/A       95%         4
 Olgreb's Toxic Radiance  Pois           0%         N/A       95%         4
 Yara's Violent Unravell  Hex/Tmut       3%         3d4       97%         5
 Agony                    Necr           0%         N/A       100%        5
 Enfeeble                 Hex            5%         N/A       100%        7
 Lehudib's Crystal Spear  Conj/Erth      0%         10d2      100%        8


Dungeon Overview and Level Annotations

Branches:
Dungeon (7/15)             Temple (1/1) D:6           Sewer (visited)

Altars:
Ashenzari
Cheibriados
Dithmenos
Fedhas
Gozag
Hepliaklqana
Nemelex Xobeh
Okawaru
Qazlal
Trog
Wu Jian
Xom
Zin

Shops:
D:2 ?   D:5 *

Annotations:
D:3 Sigmund
D:4 1 runed translucent door, lambentLogic's ghost, novice KoEn


Innate Abilities, Weirdness & Mutations

You are very small and have problems with some larger weapons.
You are too small for most types of armour.
You have supernaturally acute eyesight. (SInv)
You cover ground extremely quickly. (Speed+++)


Message History

You feel sick. The killer bee stings you!
* * * LOW HITPOINT WARNING * * *
You are lethally poisoned!
The killer bee poisons you! The killer bee closely misses you.
You feel much better.
You feel very sick. The killer bee closely misses you.
The killer bee completely misses you.
Fire: m) +2 sling (flame)
Press: ? - help, Q - select action, (/) - cycle Shift-Dir - straight line, f/p - killer bee
Aim: a killer bee (lightly wounded, 42% to hit)
You shoot a sling bullet. The sling bullet misses the killer bee.
The sling bullet barely misses the killer bee.
You feel sick. The killer bee stings you. x2
You are lethally poisoned!
The killer bee poisons you!
Fire: m) +2 sling (flame)
Press: ? - help, Q - select action, (/) - cycle Shift-Dir - straight line, f/p - killer bee
Aim: a killer bee (lightly wounded, 42% to hit)
You shoot a sling bullet.
The sling bullet barely misses the killer bee.
The sling bullet misses the killer bee.
You feel very sick. The killer bee misses you.
The killer bee completely misses you.
Fire: m) +2 sling (flame)
Press: ? - help, Q - select action, (/) - cycle Shift-Dir - straight line, f/p - killer bee
Aim: a killer bee (lightly wounded, 42% to hit)
You shoot a sling bullet.
The sling bullet closely misses the killer bee.
The sling bullet misses the killer bee.
* * * LOW HITPOINT WARNING * * *
You feel very sick. The killer bee stings you.
* * * LOW HITPOINT WARNING * * *
The killer bee completely misses you.
Drinking this now will have no effect.
You are confused.
You feel invigorated.
* * * LOW HITPOINT WARNING * * *
You feel sick. The killer bee stings you!
You die...

# ##..##...#..#########....## #
#......................... #
#..####.#..#########....## ###
#.....#.#..........#....# ....
#.......#..#######.#....#
....####..#..#.#.########.#....##
.................................
....#.....#<.#.#.########.##...##
....#.....#....#@#..# #.##...#
....#..........#y#..# #.##...#
....#........#.#y#..#####.....###
....#..#........................#
....#..#....##.#.#..####...#....#
#####..........#.#..#............
..# #..........#.#..##.#..#...###
..###..........#.#..##.#..#...#
....#........#.#.#..##.#..##..#


You could see 2 killer bees.

Vanquished Creatures
  A steam dragon (D:7)
  A water moccasin (D:5)
  2 black bears
  An ice beast (D:6)
  A sky beast (D:7)
  A centaur (D:6)
  3 ogres
  2 bullfrogs (D:7)
  3 necrophages
  4 scorpions (D:6)
  3 killer bees (D:7)
  An orc priest (D:6)
  A hound (D:5)
  A jelly (D:4)
  6 orc wizards (D:6)
  Natasha (thrice) (D:3)
  Ijyb (D:5)
  A hell rat (Sewer)
  Terence (D:2)
  7 adders
  A river rat (Sewer)
  A shadow imp (D:5)
  A white imp (D:6)
  An ufetubus (D:6)
  2 worms
  19 orcs
  5 endoplasms
  8 giant cockroaches
  4 goblins
  11 hobgoblins
  5 jackals
  6 kobolds
  3 quokkas
  5 ball pythons
  3 bats
  3 frilled lizards
  10 rats
132 creatures vanquished.

Notes
Turn   | Place    | Note
-------+----------+-------------------------------------------
     0 | D:1      | LustLizard the Spriggan Arcane Marksman began the quest for
                  | the Orb.
     0 | D:1      | Reached XP level 1. HP: 9/9 MP: 3/3
   114 | D:1      | Reached skill level 1 in Stealth
   299 | D:1      | Reached skill level 1 in Fighting
   299 | D:1      | Reached XP level 2. HP: 14/14 MP: 5/5
   869 | D:2      | Reached skill level 2 in Stealth
  1336 | D:2      | Reached XP level 3. HP: 15/18 MP: 6/6
  1474 | D:2      | Noticed Terence
  1490 | D:2      | Killed Terence
  1602 | D:2      | Found Kaofic's Magic Scroll Boutique.
  1605 | D:2      | Reached skill level 3 in Stealth
  1610 | D:2      | Bought a scroll of identify for 26 gold pieces
  1984 | D:3      | Noticed Sigmund
  2266 | D:3      | Reached XP level 4. HP: 14/22 MP: 7/7
  2423 | D:3      | Noticed an ogre
  2456 | D:3      | Killed an ogre
  2457 | D:3      | Reached skill level 4 in Stealth
  2457 | D:3      | Reached XP level 5. HP: 26/26 MP: 8/8
  2502 | D:3      | Noticed Natasha
  2510 | D:3      | Killed Natasha
  2811 | D:3      | Reached skill level 5 in Stealth
  2841 | D:3      | Noticed Natasha
  2850 | D:3      | Killed Natasha
  3151 | D:3      | Noticed Natasha
  3156 | D:3      | Killed Natasha
  4591 | D:4      | Found a runed translucent door.
  4591 | D:4      | Noticed lambentLogic's ghost (novice KoEn)
  4745 | D:4      | Learned a level 3 spell: Portal Projectile
  5224 | D:5      | Entered Level 5 of the Dungeon
  5233 | D:5      | Noticed a black bear
  5265 | D:4      | Reached XP level 6. HP: 30/30 MP: 9/9
  5285 | D:5      | Reached skill level 1 in Translocations
  5466 | D:5      | Noticed Ijyb
  5487 | D:5      | Killed Ijyb
  5488 | D:5      | Reached skill level 6 in Stealth
  5850 | D:5      | Found Kufit's Serpentskin Sales.
  5850 | D:5      | Noticed a water moccasin
  5888 | D:5      | Reached XP level 7. HP: 35/35 MP: 10/10
  6259 | D:5      | Reached skill level 5 in Ranged Weapons
  6259 | D:5      | Reached skill level 7 in Stealth
  6564 | D:6      | HP: 1/35 [poisoned by a kobold brigand]
  6624 | D:6      | Reached skill level 8 in Stealth
  6805 | D:6      | Identified the ring "Nierch" {Will+++ rCorr Str+2 Int-2}
  6807 | D:6      | Reached XP level 8. HP: 20/40 MP: 11/11
  6885 | D:6      | Found an ornate altar of the Wu Jian Council.
  6944 | D:6      | Found a glowing drain.
  6950 | Sewer    | Entered a sewer
  7454 | D:6      | Reached skill level 9 in Stealth
  8341 | D:6      | Reached skill level 10 in Stealth
  8755 | D:6      | Found a staircase to the Ecumenical Temple.
  8827 | Temple   | Entered the Ecumenical Temple
  8840 | Temple   | Became a worshipper of Dithmenos the Shadowed
  9581 | D:7      | Reached skill level 11 in Stealth
  9591 | D:7      | Reached XP level 9. HP: 31/45 MP: 12/12
 10076 | D:7      | Slain by a killer bee

Illustrated notes

Levels and vault maps discovered:
D:1:      ncdulo_wetmaze, layout_loops_ring
D:2:      layout_loops_corners, serial_shops, shop, hangedman_feature_mirror,
          uniq_terence
D:3:      layout_loops_cross, minmay_statues_item, minmay_misc_feat_pillars,
          kennysheep_generic_room_14, uniq_sigmund, uniq_natasha
D:4:      layout_gridville, gammafunk_ghost_grave
D:5:      layout_loops_cross, guppyfry_shop_venom, uniq_ijyb
D:6:      layout_loops_ring, nicolae_wu_jian_wuxing_cycle,
          minmay_temple_entry_fiery, gup_sewer_entry_bubbles
D:7:      layout_basic
Temple:   nicolae_temple_bog_church

Skill      XL: |  1  2  3  4  5  6  7  8 |
---------------+-------------------------+-----
Stealth        | 1 2 3 4 5 6 8 11 | 11.3
Fighting       | 1 2 3 4 |  4.3
Hexes          | 4 |  4.0
Ranged Weapons | 3 4 5 7 |  7.5
Translocations | 3 4 |  4.0
Dodging        | |  2.6
Spellcasting   | |  1.3

Action                   |  1- 3 |  4- 6 |  7- 9 || total
-------------------------+-------+-------+-------++-------
 Fire: Sling             |   108 |   140 |   354 ||   602
 Cast: Slow              |     3 |     1 |    14 ||    18
  Use: Scroll            |     2 |       |     7 ||     9
       Potion            |       |       |     5 ||     5
Armor: Robe              |     4 |     2 |    11 ||    17
Dodge: Dodged            |    22 |    29 |   108 ||   159
